AoeStats
← Cherfe Unai

Black Forest

509520903Analyzed
2v2 RM · 5d ago on Sep 27, 2026· 49m 45s· 4 players
Game mode
Random Map
Map size
Medium (4 player)
Population
200
Speed
Normal
Resources
Standard
Victory
Conquest
Starting age
Dark Age
Ending age
Imperial Age
RankedLock teamsTeams togetherTeam positionsShared explorationLock speedFull tech treeHidden civsTurbo modeCheats
Victory
Defeat
🇺🇸 Mongols · United States
1135
+15
🇲🇽 Magyars · Mexico
1106
+17
🇦🇷 Italians · Argentina
1171
-18
🇦🇷 Franks · Argentina
1070
-14
adalbert01997
11:54 Feudal Age
15:54 Castle Age
15:16 Double-Bit Axe
16:31 Loom
25:15 Bloodlines
25:37 Scale Barding Armor
28:18 Wheelbarrow
27:32 Town Watch
28:42 Chain Barding Armor
30:10 Hand Cart
35:56 Imperial Age
34:06 Horse Collar
34:25 Fletching
35:38 Bodkin Arrow
36:06 Ballistics
36:36 Corvinian Army
36:44 Bracer
37:21 Plate Barding Armor
37:50 Chemistry
37:49 Padded Archer Armor
37:52 Husbandry
37:56 Recurve Bow
37:19 Elite Magyar Huszar
38:51 Parthian Tactics
38:54 Heavy Cavalry Archer
39:41 Thumb Ring
41:32 Siege Engineers
42:05 Heavy Scorpion
42:06 Onager
49:21 Conscription
fingerless7597
0:38 Loom
12:12 Feudal Age
16:14 Castle Age
14:23 Double-Bit Axe
17:00 Wheelbarrow
17:17 Bow Saw
17:14 Horse Collar
19:23 Heavy Plow
27:00 Fortified Wall
27:50 Town Watch
28:41 Stone Mining
28:41 Gold Mining
29:03 Fletching
29:14 Padded Archer Armor
32:02 Gold Shaft Mining
36:05 Imperial Age
34:54 Stone Shaft Mining
34:41 Leather Archer Armor
34:45 Thumb Ring
35:01 Husbandry
36:05 Ballistics
36:02 Bodkin Arrow
36:18 Forging
36:14 Scale Barding Armor
36:40 Nomads
37:12 Bloodlines
36:24 Light Cavalry
38:25 Iron Casting
37:52 Bracer
38:57 Chain Barding Armor
38:26 Hussar
39:28 Onager
41:09 Drill
42:27 Chemistry
42:03 Conscription
43:11 Blast Furnace
43:56 Elite Mangudai
46:13 Hoardings
45:08 Sappers
46:58 Hand Cart
46:43 Town Patrol
Sir Napien
8:29 Loom
10:55 Feudal Age
13:54 Double-Bit Axe
14:40 Fletching
15:52 Horse Collar
19:55 Castle Age
19:45 Gold Mining
20:05 Crossbowman
21:22 Thumb Ring
21:56 Thumb Ring
22:12 Bow Saw
24:08 Bodkin Arrow
33:16 Imperial Age
31:13 Stone Mining
33:05 Wheelbarrow
34:57 Chemistry
34:42 Bracer
38:01 Hand Cart
38:38 Heavy Plow
39:35 Stone Shaft Mining
40:34 Pirotechnia
Cherfe Unai
1:39 Loom
12:05 Feudal Age
16:38 Castle Age
15:24 Double-Bit Axe
23:24 Gold Mining
23:51 Bow Saw
23:37 Gold Mining
25:35 Gold Shaft Mining
26:21 Scale Barding Armor
26:27 Forging
27:23 Wheelbarrow
27:47 Stone Mining
29:35 Husbandry
30:37 Iron Casting
31:57 Chain Barding Armor
36:11 Imperial Age
35:39 Hand Cart
36:19 Cavalier
37:41 Plate Barding Armor
37:42 Paladin
39:26 Blast Furnace
Connection lost

Rejoining the realm…

Still unreachable

The connection could not be restored.

Session expired

The server has moved on; the page needs a fresh start.